| TOP OF THE 1ST |
|
Arkansas Travelers batting - Pitching for San Antonio Missions : RHP Gordon Crane
|
|
Pitching: RHP Gordon Crane
|
|
|
Batting: RHB Randy Milligan
|
0-0: Ball 1-0: Ball 2-0: Called Strike 2-1: Called Strike 2-2: Ball 3-2: Strikes out looking
|
|
Batting: RHB Denny Gonzalez
|
0-0: Ball 1-0: Ball 2-0: Called Strike 2-1: SINGLE (Line Drive, 4M, EV 98.8 MPH)
|
|
Batting: LHB Dave Magadan
|
0-0: Ball 1-0: Foul Ball, location: 2F 1-1: Ball 2-1: Called Strike Denny Gonzalez is caught stealing 2nd base 2-6 2-2: DOUBLE (Groundball, 3L, EV 103.8 MPH)
|
|
Batting: RHB Dennis Seats
|
0-0: Fly out, F9 (Flyball, 9D, EV 95.6 MPH)
|
| Top of the 1st over - 0 runs, 2 hits, 0 errors, 1 left on base; Arkansas 0 - San Antonio 0 |
| BOTTOM OF THE 1ST |
|
San Antonio Missions batting - Pitching for Arkansas Travelers : RHP Chris Bosio
|
|
Pitching: RHP Chris Bosio
|
|
|
Batting: RHB Ivan Calderon
|
0-0: Ball 1-0: Ball 2-0: Called Strike 2-1: Foul Ball, location: 2F 2-2: Ball 3-2: Base on Balls
|
|
Batting: RHB Amos Lewis
|
0-0: Ball 1-0: Ball Ivan Calderon is caught stealing 2nd base 2-4 2-0: SINGLE (Groundball, 56D, EV 95.6 MPH)
|
|
Batting: RHB Ed Hearn
|
0-0: Fly out, F7 (Flyball, 78XD, EV 100.0 MPH)
|
|
Batting: RHB Larry Hamilton
|
0-0: Ball Amos Lewis is caught stealing 2nd base 2-4
|
| Bottom of the 1st over - 0 runs, 1 hit, 0 errors, 0 left on base; Arkansas 0 - San Antonio 0 |
| TOP OF THE 2ND |
|
Arkansas Travelers batting - Pitching for San Antonio Missions : RHP Gordon Crane
|
|
Batting: SHB Bob Meacham
|
0-0: Called Strike 0-1: Ground out U3 (Groundball, 3, EV 90.6 MPH)
|
|
Batting: LHB Jesus Marinez
|
0-0: Called Strike 0-1: Foul Ball, location: 2F 0-2: Foul Ball, location: 2F 0-2: Ball 1-2: Ground out 4-3 (Groundball, 4, EV 85.0 MPH)
|
|
Batting: LHB Chris Henry
|
0-0: Foul Ball, location: 2F 0-1: DOUBLE (Line Drive, 7LD, EV 114.4 MPH)
|
|
Batting: RHB Rob Deer
|
0-0: Called Strike 0-1: Ball 1-1: Ball 2-1: Foul Ball, location: 2F 2-2: Ball 3-2: Foul Ball, location: 2F 3-2: Base on Balls
|
|
Batting: RHB Alex Duarte
|
0-0: Called Strike 0-1: Fielders Choice at 2nd, 6-4 (Groundball, 6, EV 87.5 MPH)
|
| Top of the 2nd over - 0 runs, 1 hit, 0 errors, 2 left on base; Arkansas 0 - San Antonio 0 |
| BOTTOM OF THE 2ND |
|
San Antonio Missions batting - Pitching for Arkansas Travelers : RHP Chris Bosio
|
|
Batting: RHB Larry Hamilton
|
0-0: Called Strike 0-1: Ball 1-1: Ball 2-1: Ball 3-1: Foul Ball, location: 2F 3-2: Strikes out looking
|
|
Batting: LHB Lee Pruitt
|
0-0: Fly out, F4 (Popup, 34S, EV 76.9 MPH)
|
|
Batting: LHB John D Morris
|
0-0: Foul Ball, location: 2F 0-1: Ball 1-1: Ball 2-1: Swinging Strike 2-2: Fly out, F5 (Popup, 5SF, EV 81.3 MPH)
|
| Bottom of the 2nd over - 0 runs, 0 hits, 0 errors, 0 left on base; Arkansas 0 - San Antonio 0 |
| TOP OF THE 3RD |
|
Arkansas Travelers batting - Pitching for San Antonio Missions : RHP Gordon Crane
|
|
Batting: RHB Randy Milligan
|
0-0: Ball 1-0: Ball 2-0: Called Strike 2-1: Fly out, F9 (Line Drive, 9, EV 90.0 MPH)
|
|
Batting: RHB Denny Gonzalez
|
0-0: Foul Ball, location: 2F 0-1: Ball 1-1: Ground out 5-3 (Groundball, 56S, EV 85.6 MPH)
|
|
Batting: LHB Dave Magadan
|
0-0: Called Strike 0-1: Called Strike 0-2: Ball 1-2: Strikes out swinging
|
| Top of the 3rd over - 0 runs, 0 hits, 0 errors, 0 left on base; Arkansas 0 - San Antonio 0 |
| BOTTOM OF THE 3RD |
|
San Antonio Missions batting - Pitching for Arkansas Travelers : RHP Chris Bosio
|
|
Batting: LHB Jerold Johnston
|
0-0: Called Strike 0-1: Swinging Strike 0-2: Ball 1-2: Ball 2-2: Strikes out swinging
|
|
Batting: LHB Matt Nokes
|
0-0: Ball 1-0: Ball 2-0: Ball 3-0: Called Strike 3-1: Foul Ball, location: 2F 3-2: Fly out, F9 (Flyball, 9, EV 89.4 MPH)
|
|
Batting: RHB Houston Jimenez
|
0-0: Called Strike 0-1: Ball 1-1: Ball 2-1: Ball 3-1: Fly out, F8 (Flyball, 89D, EV 82.5 MPH)
|
| Bottom of the 3rd over - 0 runs, 0 hits, 0 errors, 0 left on base; Arkansas 0 - San Antonio 0 |
| TOP OF THE 4TH |
|
Arkansas Travelers batting - Pitching for San Antonio Missions : RHP Gordon Crane
|
|
Batting: RHB Dennis Seats
|
0-0: Called Strike 0-1: Fly out, F5 (Popup, 5SF, EV 75.0 MPH)
|
|
Batting: SHB Bob Meacham
|
0-0: Swinging Strike 0-1: Ball 1-1: Foul Ball, location: 2F 1-2: Ball 2-2: Strikes out swinging
|
|
Batting: LHB Jesus Marinez
|
0-0: Called Strike 0-1: Called Strike 0-2: Ball 1-2: Foul Ball, location: 2F 1-2: Foul Ball, location: 2F 1-2: Strikes out swinging
|
| Top of the 4th over - 0 runs, 0 hits, 0 errors, 0 left on base; Arkansas 0 - San Antonio 0 |
| BOTTOM OF THE 4TH |
|
San Antonio Missions batting - Pitching for Arkansas Travelers : RHP Chris Bosio
|
|
Batting: RHB Ivan Calderon
|
0-0: Ball 1-0: Fly out, F8 (Flyball, 89M, EV 90.0 MPH)
|
|
Batting: RHB Amos Lewis
|
0-0: Called Strike 0-1: Ball 1-1: Ball 2-1: Ball 3-1: Base on Balls
|
|
Batting: RHB Ed Hearn
|
0-0: Swinging Strike 0-1: Fly out, F8 (Line Drive, 8LD, EV 96.9 MPH)
|
|
Batting: RHB Larry Hamilton
|
0-0: Ball 1-0: Called Strike 1-1: Foul Ball, location: 2F 1-2: Foul Ball, location: 2F 1-2: Foul Ball, location: 2F 1-2: Fly out, F5 (Popup, 5SF, EV 65.0 MPH)
|
| Bottom of the 4th over - 0 runs, 0 hits, 0 errors, 1 left on base; Arkansas 0 - San Antonio 0 |
| TOP OF THE 5TH |
|
Arkansas Travelers batting - Pitching for San Antonio Missions : RHP Gordon Crane
|
|
Batting: LHB Chris Henry
|
0-0: Ball 1-0: SOLO HOME RUN (Flyball, 9LD, EV 96.9 MPH), Distance : 357 ft
|
|
Batting: RHB Rob Deer
|
0-0: Foul Ball, location: 2F 0-1: Foul Ball, location: 2F 0-2: Ball 1-2: Ground out 6-3 (Groundball, 6, EV 88.1 MPH)
|
|
Batting: RHB Alex Duarte
|
0-0: Ball 1-0: Ball 2-0: Ground out 5-3 (Groundball, 56S, EV 83.1 MPH)
|
|
Batting: RHB Randy Milligan
|
0-0: Called Strike 0-1: Called Strike 0-2: Fly out, F4 (Popup, 4MD, EV 50.6 MPH)
|
| Top of the 5th over - 1 run, 1 hit, 0 errors, 0 left on base; Arkansas 1 - San Antonio 0 |
| BOTTOM OF THE 5TH |
|
San Antonio Missions batting - Pitching for Arkansas Travelers : RHP Chris Bosio
|
|
Batting: LHB Lee Pruitt
|
0-0: Ball 1-0: Ball 2-0: Ground out 5-3 (Groundball, 5, EV 87.5 MPH)
|
|
Batting: LHB John D Morris
|
0-0: Called Strike 0-1: Ball 1-1: Foul Ball, location: 2F 1-2: Fly out, F7 (Flyball, 7S, EV 93.8 MPH)
|
|
Batting: LHB Jerold Johnston
|
0-0: Called Strike 0-1: Ground out 5-3 (Groundball, 56S, EV 88.8 MPH)
|
| Bottom of the 5th over - 0 runs, 0 hits, 0 errors, 0 left on base; Arkansas 1 - San Antonio 0 |
| TOP OF THE 6TH |
|
Arkansas Travelers batting - Pitching for San Antonio Missions : RHP Gordon Crane
|
|
Batting: RHB Denny Gonzalez
|
0-0: Ball 1-0: Ball 2-0: SINGLE (Line Drive, 8LS, EV 108.1 MPH)
|
|
Batting: LHB Dave Magadan
|
0-0: Called Strike 0-1: Ball 1-1: Swinging Strike 1-2: Ball 2-2: Ball 3-2: Fly out, F6 (Popup, 6M, EV 74.4 MPH)
|
|
Batting: RHB Dennis Seats
|
0-0: Called Strike 0-1: Fly out, F4 (Popup, 4S, EV 83.8 MPH)
|
|
Batting: SHB Bob Meacham
|
0-0: Ball 1-0: Foul Ball, location: 2F 1-1: Ground out U3 (Groundball, 3L, EV 106.9 MPH)
|
| Top of the 6th over - 0 runs, 1 hit, 0 errors, 1 left on base; Arkansas 1 - San Antonio 0 |
| BOTTOM OF THE 6TH |
|
San Antonio Missions batting - Pitching for Arkansas Travelers : RHP Chris Bosio
|
|
Batting: LHB Matt Nokes
|
0-0: Fly out, F8 (Line Drive, 8RD, EV 101.3 MPH)
|
|
Batting: RHB Houston Jimenez
|
0-0: Called Strike 0-1: Ball 1-1: Ball 2-1: Foul Ball, location: 2F 2-2: Foul Ball, location: 2F 2-2: Strikes out swinging
|
|
Batting: RHB Ivan Calderon
|
0-0: Called Strike 0-1: Ball 1-1: Foul Ball, location: 2F 1-2: Foul Ball, location: 2F 1-2: Ball 2-2: Ball 3-2: Base on Balls
|
|
Batting: RHB Amos Lewis
|
0-0: Fly out, F8 (Flyball, 8RS, EV 86.3 MPH)
|
| Bottom of the 6th over - 0 runs, 0 hits, 0 errors, 1 left on base; Arkansas 1 - San Antonio 0 |
| TOP OF THE 7TH |
|
Arkansas Travelers batting - Pitching for San Antonio Missions : RHP Gordon Crane
|
|
Batting: LHB Jesus Marinez
|
0-0: Ball 1-0: Called Strike 1-1: SINGLE (Groundball, 4D, EV 103.1 MPH)
|
|
Batting: LHB Chris Henry
|
0-0: Called Strike 0-1: Called Strike 0-2: Foul Ball, location: 2F 0-2: Ball 1-2: Ball 2-2: Ball 3-2: Foul Ball, location: 2F 3-2: Base on Balls Jesus Marinez to second
|
|
Batting: RHB Rob Deer
|
0-0: Ball 1-0: Ball 2-0: Called Strike 2-1: Swinging Strike 2-2: Strikes out looking
|
|
Batting: RHB Alex Duarte
|
0-0: Called Strike 0-1: Foul Ball, location: 2F 0-2: Ball 1-2: SINGLE (Line Drive, 8LS, EV 110.6 MPH) Jesus Marinez to third Chris Henry to second
|
|
Batting: RHB Randy Milligan
|
0-0: Foul Ball, location: 2F 0-1: Ball 1-1: Called Strike 1-2: Foul Ball, location: 2F 1-2: Foul Ball, location: 2F 1-2: Ball 2-2: Grounds into fielders choice 6-2 (Groundball, 6, EV 100.0 MPH) Chris Henry to third Alex Duarte to second
|
|
Batting: RHB Denny Gonzalez
|
0-0: Swinging Strike 0-1: Swinging Strike 0-2: Ball 1-2: Ball 2-2: Strikes out swinging
|
| Top of the 7th over - 0 runs, 2 hits, 0 errors, 3 left on base; Arkansas 1 - San Antonio 0 |
| BOTTOM OF THE 7TH |
|
San Antonio Missions batting - Pitching for Arkansas Travelers : RHP Chris Bosio
|
|
Batting: RHB Ed Hearn
|
0-0: Swinging Strike 0-1: Foul Ball, location: 2F 0-2: Foul Ball, location: 2F 0-2: Ball 1-2: Strikes out looking
|
|
Batting: RHB Larry Hamilton
|
0-0: Called Strike 0-1: Foul Ball, location: 2F 0-2: SINGLE (Groundball, P, EV 89.4 MPH) (infield hit)
|
|
Batting: LHB Lee Pruitt
|
0-0: Foul Ball, location: 2F 0-1: Ball 1-1: Ball 2-1: Called Strike 2-2: Ball 3-2: Base on Balls Larry Hamilton to second
|
|
Batting: LHB John D Morris
|
0-0: Ball 1-0: Foul Ball, location: 2F 1-1: Foul Ball, location: 2F 1-2: Hit by Pitch Larry Hamilton to third Lee Pruitt to second
|
|
Batting: LHB Jerold Johnston
|
0-0: Fly out, F8 (Flyball, 8LD, EV 86.3 MPH) Runner from 3rd tags up, OUT at HOME! 8-2
|
| Bottom of the 7th over - 0 runs, 1 hit, 0 errors, 2 left on base; Arkansas 1 - San Antonio 0 |
| TOP OF THE 8TH |
|
Arkansas Travelers batting - Pitching for San Antonio Missions : RHP Gordon Crane
|
|
Batting: LHB Dave Magadan
|
0-0: Foul Ball, location: 2F 0-1: Fly out, F4 (Line Drive, 4, EV 61.9 MPH)
|
|
Batting: RHB Dennis Seats
|
0-0: Ball 1-0: Fly out, F6 (Popup, 6S, EV 84.4 MPH)
|
|
Batting: SHB Bob Meacham
|
0-0: Foul Ball, location: 2F 0-1: Foul Ball, location: 2F 0-2: SINGLE (Groundball, 34D, EV 101.9 MPH)
|
|
Batting: LHB Jesus Marinez
|
0-0: Ball 1-0: Called Strike 1-1: Ball 2-1: Fly out, F3 (Popup, 3S, EV 77.5 MPH)
|
| Top of the 8th over - 0 runs, 1 hit, 0 errors, 1 left on base; Arkansas 1 - San Antonio 0 |
| BOTTOM OF THE 8TH |
|
San Antonio Missions batting - Pitching for Arkansas Travelers : RHP Chris Bosio
|
|
Batting: LHB Matt Nokes
|
0-0: Fly out, F9 (Flyball, 9D, EV 100.6 MPH)
|
|
Batting: RHB Houston Jimenez
|
0-0: Called Strike 0-1: Foul Ball, location: 2F 0-2: Ball 1-2: Strikes out swinging
|
|
Batting: RHB Ivan Calderon
|
0-0: Called Strike 0-1: SINGLE (Line Drive, 6MD, EV 97.5 MPH)
|
|
Batting: RHB Amos Lewis
|
0-0: Ball 1-0: Foul Ball, location: 2F 1-1: Called Strike 1-2: Fly out, F8 (Line Drive, 8LD, EV 91.3 MPH)
|
| Bottom of the 8th over - 0 runs, 1 hit, 0 errors, 1 left on base; Arkansas 1 - San Antonio 0 |
| TOP OF THE 9TH |
|
Arkansas Travelers batting - Pitching for San Antonio Missions : RHP Gordon Crane
|
|
Batting: LHB Chris Henry
|
0-0: Ball 1-0: Foul Ball, location: 2F 1-1: Ball 2-1: Called Strike 2-2: Strikes out swinging
|
|
Batting: RHB Rob Deer
|
0-0: Ground out 5-3 (Groundball, 5L, EV 99.4 MPH)
|
|
Batting: RHB Alex Duarte
|
0-0: Foul Ball, location: 2F 0-1: Swinging Strike 0-2: Strikes out swinging
|
| Top of the 9th over - 0 runs, 0 hits, 0 errors, 0 left on base; Arkansas 1 - San Antonio 0 |
| BOTTOM OF THE 9TH |
|
San Antonio Missions batting - Pitching for Arkansas Travelers : RHP Chris Bosio
|
|
Now at 3B: Rex Hudler
|
|
|
Now in RF: Terry Byrum
|
|
|
Batting: RHB Ed Hearn
|
0-0: Fly out, F9 (Line Drive, 9, EV 88.1 MPH)
|
|
Batting: RHB Larry Hamilton
|
0-0: Ball 1-0: Called Strike 1-1: Ground out 6-3 (Groundball, 6, EV 86.9 MPH)
|
|
Batting: LHB Lee Pruitt
|
0-0: Ball 1-0: Ball 2-0: Foul Ball, location: 2F 2-1: Ball 3-1: Foul Ball, location: 2F 3-2: Fly out, F8 (Flyball, 89D, EV 92.5 MPH)
|
| Bottom of the 9th over - 0 runs, 0 hits, 0 errors, 0 left on base; Arkansas 1 - San Antonio 0 |
|